 Dungeon Crawl Stone Soup version 0.19.0-2-gae57169 (webtiles) character file.

4018 Gingerlord the Fighter (level 10, -2/64 HPs)
             Began as a Gargoyle Gladiator on Nov 5, 2016.
             Was an Initiate of Gozag.
             Slain by a red very ugly thing (5 damage)
             ... on level 8 of the Dungeon.
             The game lasted 00:15:00 (6579 turns).

Gingerlord the Fighter (Gargoyle Gladiator)         Turns: 6579, Time: 00:15:02

Health: -2/64      AC: 23    Str: 25    XL:     10   Next: 23%
Magic:  10/10      EV: 10    Int: 10    God:    Gozag
Gold:   1179       SH:  0    Dex: 13    Spells: 0 memorised, 9 levels left

rFire  + . .     SeeInvis .     j - +1 battleaxe
rCold  . . .     Gourm    .     y - +0 plate armour
rNeg   + . .     Faith    .     (shield currently unavailable)
rPois  ∞         Spirit   .     (helmet restricted)
rElec  +         Reflect  .     u - +2 cloak
rCorr  .         Harm     .     (no gloves)
MR     .....                    (no boots)
Stlth  ..........               (no amulet)
                                (no ring)
                                (no ring)

@: mighty, liquid flames, glowing
A: horns 1, clever 1, fire resistance 1, mutation resistance 1, negative energy
resistance 1, electricity resistance, unbreathing, petrification resistance, rot
immunity, AC +7
a: Potion Petition, Call Merchant, Bribe Branch, Renounce Religion


You were on level 8 of the Dungeon.
You worshipped Gozag.
Gozag was most pleased with you.
You were not hungry.

You visited 2 branches of the dungeon, and saw 9 of its levels.
You also visited: Sewer.

You collected 1238 gold pieces.
You paid 59 gold pieces to Gozag.

Inventory:

Hand Weapons
 a - a +0 war axe
 j - a +1 battleaxe (weapon)
Armour
 u - a +2 cloak (worn)
 y - a +0 plate armour (worn)
Scrolls
 c - a scroll of enchant weapon
 g - 3 scrolls of enchant armour
 i - a scroll of fog
 n - 2 scrolls of recharging
 q - a scroll of noise
 r - a scroll of vulnerability {unknown}
 s - a scroll of random uselessness {unknown}
 v - 2 scrolls of amnesia {unknown}
 x - 3 scrolls of remove curse
 z - a scroll of identify
Potions
 d - 2 potions of flight
 e - 2 potions of agility {unknown}
 h - 3 potions of brilliance
 k - a potion of haste {unknown}
 o - a potion of resistance {unknown}
 p - 2 potions of might
 w - 2 potions of magic {unknown}
Comestibles
 f - 7 bread rations
 t - a meat ration
 A - 3 beef jerkies
 B - 7 slices of pizza


   Skills:
 + Level 8.0 Fighting
 + Level 7.3 Axes
 - Level 1.7 Throwing
 + Level 7.9 Armour
 + Level 6.4 Dodging


You had 9 spell levels left.
You didn't know any spells.

Dungeon Overview and Level Annotations

Branches:
Dungeon (8/15)             Temple (1/1) D:4
   Lair: D:8-11

Altars:
Ashenzari
Cheibriados
Dithmenos
Elyvilon
Fedhas
Gozag
Hepliaklqana
Kikubaaqudgha
Makhleb
Nemelex Xobeh
Okawaru
Qazlal
Ru
Sif Muna
Trog
Uskayaw
Vehumet
Xom
Yredelemnul
Zin
The Shining One

Annotations:
D:2 1 exclusion


Innate Abilities, Weirdness & Mutations

You are resistant to torment.
Your stone body is resilient. (AC +7)
You are immune to poison.
You resist negative energy. (rN+)
You are resistant to electric shocks. (rElec)
You can survive without breathing.
You are immune to petrification.
You are immune to rotting.
You have a pair of small horns on your head.
Your mind is acute. (Int +2)
Your flesh is heat resistant. (rF+)
You are somewhat resistant to further mutation.


Message History

You are covered in liquid flames.
You are covered in liquid flames!
It was a potion of might.
You feel very mighty all of a sudden.
You are covered in liquid flames!
* * * LOW HITPOINT WARNING * * *
The red very ugly thing engulfs you.
* * * LOW HITPOINT WARNING * * *
Okay, then.
Your plate armour prevents you from hitting the red very ugly thing.
The red very ugly thing is lightly wounded.
You are covered in liquid flames!
* * * LOW HITPOINT WARNING * * *
The red very ugly thing engulfs you.
* * * LOW HITPOINT WARNING * * *
You are covered in liquid flames.
You are covered in liquid flames!
The red very ugly thing engulfs you.
You die...
Your body crumbles into a pile of gold.

########## ********# #........#
####..,,,,.# #........#
...#.#####.* #........#
..........,* #..§.....#
...#.##..#####§§......##*********
.............§§§).......,,,,,,,,,
.....##.#..####u§...####*********
........##'##..§@...#
...<..###...###....<#
.......#.###.#......# *********
......##.*,#.##.....#####..,,,,,,
....####,*+#.######........,,,,,,
....#####...##...##........,,,,,,
...>....#####..............,,,,,,
....###.#####..).##........,,,,,,
###...#..........##........,,,,,,


You could see a red very ugly thing.

Vanquished Creatures
  Grinder (D:6)
  The ghost of badrng the Firebug, an amateur HaFE of Qazlal (D:5)
  A human (D:7)
  4 hogs (D:7)
  Menkaure (D:6)
  Edmund (D:6)
  2 sky beasts
  2 phantoms (D:4)
  4 ogres
  2 necrophages
  A centaur (D:7)
  3 big kobolds
  The ghost of scalarboson the Firebug, an amateur DEFE (D:3)
  3 bullfrogs
  8 wights
  A centaur zombie (D:5)
  3 crimson imps
  Crazy Yiuf (D:5)
  A hound (D:4)
  4 orc priests
  A bullfrog skeleton (D:8)
  3 orc wizards
  A centaur skeleton (D:4)
  4 worker ants
  3 iguanas
  A hound zombie (D:7)
  A hound skeleton (D:5)
  2 worker ant zombies (D:5)
  Robin (D:2)
  3 gnolls (D:6)
  A howler monkey skeleton (D:4)
  11 adders
  5 river rats (Sewer)
  2 oozes
  A worm (D:2)
  2 dart slugs
  2 leopard geckos
  18 orcs
  7 bats
  6 giant cockroaches
  15 goblins
  6 hobgoblins
  4 jackals (D:3)
  4 quokkas
  8 ball pythons
  3 frilled lizards
  A jackal skeleton (D:5)
  24 kobolds
  A leopard gecko zombie (D:8)
  26 rats
212 creatures vanquished.

Notes
Turn   | Place    | Note
-------+----------+-------------------------------------------
     0 | D:1      | Gingerlord the Gargoyle Gladiator began the quest for the Orb.
     0 | D:1      | Reached XP level 1. HP: 12/12 MP: 1/1
   128 | D:1      | Reached XP level 2. HP: 15/18 MP: 2/2
   255 | D:1      | Reached skill level 1 in Armour
   799 | D:2      | Reached XP level 3. HP: 19/22 MP: 3/3
   989 | D:2      | Noticed Robin
   997 | D:2      | Killed Robin
   997 | D:2      | Reached XP level 4. HP: 22/27 MP: 4/4
  1641 | D:3      | Noticed scalarboson's ghost (amateur DEFE)
  1650 | D:3      | Killed scalarboson's ghost
  1650 | D:3      | Reached skill level 3 in Fighting
  1650 | D:3      | Reached XP level 5. HP: 23/32 MP: 5/5
  2389 | D:3      | Reached XP level 6. HP: 32/37 MP: 6/6
  2771 | D:4      | Reached XP level 7. HP: 32/42 MP: 7/7
  2829 | D:4      | Reached skill level 4 in Fighting
  3006 | D:4      | Found a staircase to the Ecumenical Temple.
  3058 | Temple   | Entered the Ecumenical Temple
  3188 | Temple   | Became a worshipper of Gozag Ym Sagoz the Greedy
  3507 | D:5      | Entered Level 5 of the Dungeon
  3507 | D:5      | Found a hide-covered altar of Uskayaw.
  3528 | D:5      | Gained mutation: Your flesh is heat resistant. (rF+) [potion of beneficial mutation]
  3529 | D:5      | Gained mutation: Your mind is acute. (Int +2) [potion of beneficial mutation]
  3530 | D:5      | Gained mutation: You have a pair of small horns on your head. [potion of beneficial mutation]
  3531 | D:5      | Gained mutation: You are somewhat resistant to further mutation. [potion of beneficial mutation]
  3596 | D:5      | Found a glowing drain.
  3643 | Sewer    | Entered a sewer
  3718 | Sewer    | Reached skill level 5 in Axes
  3718 | Sewer    | Reached XP level 8. HP: 47/48 MP: 8/8
  4223 | D:5      | Noticed badrng's ghost (amateur HaFE)
  4238 | D:5      | Reached skill level 5 in Fighting
  4238 | D:5      | Reached skill level 5 in Armour
  4260 | D:5      | Killed badrng's ghost
  4474 | D:5      | Found a runed door.
  4612 | D:5      | Reached skill level 5 in Dodging
  4765 | D:5      | Noticed Crazy Yiuf
  4776 | D:5      | Killed Crazy Yiuf
  4911 | D:6      | Reached skill level 6 in Fighting
  4911 | D:6      | Reached XP level 9. HP: 54/55 MP: 9/9
  4955 | D:6      | Noticed Grinder
  4968 | D:6      | Paralysed by Grinder for 4 turns
  5059 | D:6      | Paralysed by Grinder for 7 turns
  5079 | D:6      | Killed Grinder
  5288 | D:6      | Noticed Menkaure
  5289 | D:6      | Noticed Edmund
  5293 | D:6      | Killed Menkaure
  5295 | D:6      | Killed Edmund
  5539 | D:7      | Reached skill level 7 in Fighting
  6075 | D:7      | Reached XP level 10. HP: 52/64 MP: 10/10
  6463 | D:8      | Reached skill level 8 in Fighting
  6505 | D:8      | Noticed a red very ugly thing
  6555 | D:8      | HP: 2/64 [red very ugly thing (12)]
  6579 | D:8      | HP: 3/64 [red very ugly thing (1)]
  6579 | D:8      | Slain by a red very ugly thing

Skill      XL: |  1  2  3  4  5  6  7  8  9 10 |
---------------+-------------------------------+-----
Armour         | 1 2 3 4 6 7 |  7.9
Axes           | 3 4 5 7 |  7.3
Dodging        | 3 4 5 6 |  6.4
Fighting       | 3 4 6 7 8 |  8.0
Throwing       | |  1.7

Action                   |  1- 3 |  4- 6 |  7- 9 | 10-12 || total
-------------------------+-------+-------+-------+-------++-------
Melee: War axe           |    83 |   217 |   297 |       ||   597
       Headbutt          |       |       |    78 |    17 ||    95
       Battleaxe         |       |       |   139 |    67 ||   206
  Use: Scroll            |       |     1 |     2 |     5 ||     8
       Potion            |       |       |     4 |     9 ||    13
  Eat: Chunk             |       |     6 |     1 |       ||     7
       Fruit             |       |       |     2 |       ||     2
       Beef jerky        |       |       |     1 |       ||     1
       Meat ration       |       |       |     1 |       ||     1
       Bread ration      |       |       |     1 |       ||     1
       Pizza             |       |       |     1 |       ||     1
Armor: Leather armour    |    45 |     9 |       |       ||    54
       Chain mail        |       |   161 |   198 |       ||   359
       Plate armour      |       |       |   140 |    49 ||   189
Dodge: Dodged            |    73 |   105 |   221 |    44 ||   443
